 Dungeon Crawl Stone Soup version 0.26-a0-854-gdc81c2f471 (webtiles) character file.

Game seed: 13255014270374346

4515 dickylongcocking the Fighter (level 10, -5/82 HPs)
             Began as a Demonspawn Hedge Wizard on Nov 22, 2020.
             Was a Priest of Kikubaaqudgha.
             Killed by divine providence
             ... invoked by an orc priest
              (17 damage)
             ... on level 9 of the Dungeon.
             The game lasted 00:18:33 (13485 turns).

dickylongcocking the Fighter (DsWz)                Turns: 13485, Time: 00:18:33

Health: -5/82      AC: 18    Str: 14      XL:     10   Next: 16%
Magic:  10/15      EV: 11    Int: 22 (23) God:    Kikubaaqudgha [***...]
Gold:   248        SH:  0    Dex:  9      Spells: 1/16 levels left

rFire    . . .     SeeInvis .   C - +3 trident (pain)
rCold    . . .     Faith    .   (no shield)
rNeg     . . .     Spirit   .   n - +10 ring mail of Time Monsters {rElec Str+3 Dex-3}
rPois    .         Reflect  .   l - +0 helmet
rElec    +         Harm     .   u - +0 cloak
rCorr    .         Rampage  .   (no gloves)
MR       .....                  (no boots)
Stlth    +.........             (no amulet)
HPRegen  0.23/turn              (no ring)
MPRegen  0.14/turn              (no ring)

@: no status effects
A: talons 1, powered by death 1, rot immunity, big brain 2
a: Receive Corpses, Renounce Religion


You were on level 9 of the Dungeon.
You worshipped Kikubaaqudgha.
Kikubaaqudgha was most pleased with you.
You visited 2 branches of the dungeon, and saw 10 of its levels.

You collected 425 gold pieces.
You spent 177 gold pieces at shops.

Inventory:

Hand Weapons
 a - a +0 dagger
 d - a +1 hand axe of venom
 r - a +2 dagger of distortion
 A - a +0 hand axe of venom
 B - a +5 dagger of freezing
 C - a +3 trident of pain (weapon)
Armour
 b - a +0 robe
 c - a +0 hat
 l - a +0 helmet (worn)
 n - the +10 ring mail of Time Monsters (worn) {rElec Str+3 Dex-3}
   (You found it on level 4 of the Dungeon)

   It affects your strength (+3).
   It affects your dexterity (-3).
   It insulates you from electricity.
 u - a +0 cloak (worn)
Jewellery
 w - an uncursed ring of ice
Wands
 m - a wand of polymorph (2)
 t - a wand of random effects (17)
Scrolls
 e - a scroll of blinking
 f - 5 scrolls of enchant weapon
 g - 7 scrolls of remove curse
 h - 10 scrolls of identify
 i - 2 scrolls of fog
 j - 2 scrolls of fear
 k - 2 scrolls of enchant armour {unknown}
 p - 2 scrolls of immolation {unknown}
 q - 2 scrolls of silence {unknown}
 v - 3 scrolls of random uselessness {unknown}
 x - a scroll of teleportation
 y - a scroll of amnesia {unknown}
 z - a scroll of vulnerability {unknown}
Potions
 o - a potion of flight
 s - 2 potions of heal wounds {unknown}
 D - a potion of ambrosia {unknown}


   Skills:
 - Level 8.5 Fighting
 - Level 2.5 Short Blades
 - Level 4.0(4.1) Axes
 * Level 1.4(2.9) Polearms
 * Level 5.6 Armour
 - Level 1.7 Dodging
 - Level 1.7 Stealth
 * Level 3.7 Spellcasting
 - Level 1.0 Conjurations
 - Level 1.0 Summonings
 * Level 7.9 Necromancy
 - Level 3.2 Translocations


You had one spell level left.
You knew the following spells:

 Your Spells              Type           Power        Failure   Level
a - Magic Dart            Conj           #...         14%         1
b - Blink                 Tloc           N/A          9%          2
c - Call Imp              Summ           #.......     22%         2
e - Corpse Rot            Necr/Air       N/A          7%          2
f - Pain                  Necr           ####         1%          1
g - Dispel Undead         Necr           #####...     9%          4
v - Vampiric Draining     Necr           #####.....   2%          3

Your spell library contained the following spells:

 Spells                   Type           Power        Failure   Level
 Sublimation of Blood     Necr           #####.....   1%          2
 Animate Dead             Necr           #####.....   9%          4
 Agony                    Necr           #####...     24%         5
 Excruciating Wounds      Necr           #####.....   24%         5
 Slow                     Hex            #.......     32%         2
 Conjure Flame            Conj/Fire      #.......     47%         3
 Mephitic Cloud           Conj/Pois/Air  #.......     50%         3
 Death Channel            Necr           #####.....   78%         6


Dungeon Overview and Level Annotations

Branches:
Dungeon (9/15)             Temple (1/1) D:4             Orc (0/2) D:9
   Lair: D:8-11

Altars:
Ashenzari
Cheibriados
Dithmenos
Elyvilon
Fedhas
Gozag
Hepliaklqana
Kikubaaqudgha
Makhleb
Nemelex Xobeh
Okawaru
Qazlal
Ru
Sif Muna
Uskayaw
Vehumet
Wu Jian
Xom
Yredelemnul
Zin
The Shining One

Shops:
D:6 *:[*=

Annotations:
D:7 3 runed translucent doors, LufLufFighter's ghost, novice DsTm; pablito's ghost, novice FoFi; pablito's ghost, novice NaVM


Innate Abilities, Weirdness & Mutations

You have sharp toenails.
You regenerate a little health from kills.
You are immune to rotting.
You have an extremely huge brain. (Int +4)


Message History

The bullfrog skeleton hits you but does no damage.
The orc warrior hits you from afar with a +0 trident.
* * * LOW HITPOINT WARNING * * *
The orc priest looks encouraged for a moment.
The orc priest mumbles some strange prayers to Beogh against you.
Beogh smites you!
* * * LOW HITPOINT WARNING * * *
Unknown command.
Press: ? - help, v - describe, . - travel, g - get item
Here: an orc warrior, wielding a +0 trident and wearing a +0 chain mail (moderately wounded)
Items here: )) [ ÷.
The floor, spattered with blood.
The orc priest casts a cantrip, but nothing happens.
The bullfrog skeleton closely misses you.
Unknown command.
Unknown command.
The orc priest mumbles some strange prayers to Beogh against you.
Beogh smites you!
You die...
Kikubaaqudgha rasps: "You have failed me!
Welcome... death!"

.#. ...#####.....†..###.....#
#..# #................#.......#
....####...######.##.##.#.#####.#
.8.....#...# #.##.##.#.##.....
.......#...# #.##......##.##.#
........#.## #.#####...#.#.#.#
.>....8....## #.#####<...###..#
...........o#####.........## ##.#
.......#..oooZo.@.######.## ##.
.8.....##.#.#####.# ##.## ##.#
....#####.#.# #.# ##.###.##
...#........# #.# ##.#.###
.#......#>### ##.## ##..... .
.#####.# #.#.# #####. #.# ##.##
#. .# ###)### #)# #. .. #.))..#
#.# #.


You could see an orc warrior, 2 orc priests, an orc wizard, an orc and a
bullfrog skeleton.

Vanquished Creatures
  A two-headed ogre (D:8)
  A wyvern (D:8)
  An acid dragon (D:8)
  4 orc warriors
  2 phantoms
  A black bear (D:3)
  3 ice beasts
  2 sky beasts
  3 centaurs
  Blork the orc (D:5)
  5 bullfrogs
  A big kobold (D:8)
  A jelly (D:8)
  A scorpion (D:6)
  5 killer bees
  4 wights (D:7)
  A howler monkey (D:4)
  8 orc wizards
  3 hounds
  8 orc priests
  2 bullfrog skeletons
  2 iguanas
  6 worker ants
  2 hound zombies
  A hound skeleton (D:5)
  4 gnolls (D:5)
  A river rat (D:3)
  6 adders
  4 shadow imps
  3 white imps
  3 ufetubi
  3 oozes
  An adder zombie (D:8)
  A worm (D:2)
  3 dart slugs
  4 leopard geckos
  39 orcs
  2 ball pythons
  4 giant cockroaches
  5 goblins
  A hobgoblin (D:3)
  10 jackals
  5 quokkas
  A bat (D:1)
  6 frilled lizards
  A jackal skeleton (D:9)
  10 kobolds
  2 quokka skeletons (D:6)
  7 rats
195 creatures vanquished.

Vanquished Creatures (collateral kills)
  An ogre (D:4)
  A howler monkey (D:5)
  2 wights (D:7)
  A hound (D:4)
  Crazy Yiuf (D:4)
  An orc wizard (D:3)
  An iguana (D:4)
  3 worker ants (D:4)
  An adder (D:4)
  A worm (D:4)
  An orc (D:3)
  A kobold (D:3)
15 creatures vanquished.

Vanquished Creatures (others)
  A plant (D:4)
  6 withered plants (D:4)
7 creatures vanquished.

Grand Total: 217 creatures vanquished

Notes
Turn   | Place    | Note
-------+----------+-------------------------------------------
     0 | D:1      | dickylongcocking the Demonspawn Hedge Wizard began the
                  | quest for the Orb.
     0 | D:1      | Reached XP level 1. HP: 13/13 MP: 4/4
   218 | D:1      | Reached skill level 1 in Translocations
   283 | D:1      | Reached skill level 1 in Fighting
   283 | D:1      | Gained mutation: You have an unusually large brain. (Int
                  | +2) [demonic ancestry]
   283 | D:1      | Reached XP level 2. HP: 14/21 MP: 6/6
   291 | D:1      | Reached skill level 1 in Axes
  1418 | D:2      | Gained mutation: You have sharp toenails. [demonic
                  | ancestry]
  1418 | D:2      | Reached XP level 3. HP: 23/26 MP: 7/7
  1713 | D:2      | Found a stormy altar of Qazlal.
  2713 | D:3      | Learned a level 2 spell: Blink
  2716 | D:3      | Learned a level 2 spell: Call Imp
  2828 | D:3      | Reached skill level 2 in Fighting
  3014 | D:3      | Noticed Ijyb
  3029 | D:3      | Noticed a black bear
  3071 | D:3      | Killed a black bear
  3072 | D:3      | Gained mutation: You regenerate a little health from kills.
                  | [demonic ancestry]
  3072 | D:3      | Reached XP level 4. HP: 21/34 MP: 1/8
  3073 | D:3      | Noticed Ijyb
  3073 | D:3      | Ijyb changed into Ijyb the river rat
  3077 | D:3      | Killed Ijyb the river rat
  3744 | D:3      | Reached XP level 5. HP: 39/39 MP: 2/9
  3753 | D:3      | Reached skill level 3 in Fighting
  4613 | D:4      | Found a staircase to the Ecumenical Temple.
  4642 | D:4      | Noticed a phantom
  4648 | Temple   | Entered the Ecumenical Temple
  4655 | Temple   | Killed a phantom
  4656 | Temple   | Reached XP level 6. HP: 34/48 MP: 3/10
  4964 | D:4      | Found a runed translucent door.
  4965 | D:4      | Noticed Crazy Yiuf
  5143 | D:4      | Reached skill level 4 in Fighting
  5601 | D:4      | Found a blossoming altar of Fedhas.
  5603 | D:4      | Found an ancient bone altar of Kikubaaqudgha.
  5613 | D:4      | Became a worshipper of Kikubaaqudgha
  5692 | D:4      | Reached XP level 7. HP: 55/55 MP: 6/11
  6265 | D:4      | Killed Crazy Yiuf
  6401 | D:5      | Entered Level 5 of the Dungeon
  6690 | D:5      | Reached skill level 5 in Fighting
  6690 | D:5      | Reached skill level 1 in Necromancy
  7062 | D:4      | Got an amber-encrusted ring mail
  7072 | D:4      | Identified the +10 ring mail of Time Monsters {rElec Str+3
                  | Dex-3} (You found it on level 4 of the Dungeon)
  7930 | D:5      | Reached * piety under Kikubaaqudgha
  7930 | D:5      | Identified Kikubaaqudgha's Tome of Unholy Arts
                  | (Kikubaaqudgha gifted it to you on level 5 of the Dungeon)
  7930 | D:5      | Received a gift from Kikubaaqudgha
  7999 | D:5      | Noticed Blork the orc
  8006 | D:5      | Killed Blork the orc
  8142 | D:6      | Found Tikinoeth's Book Shop.
  8255 | D:6      | Reached skill level 6 in Fighting
  8255 | D:6      | Reached XP level 8. HP: 64/64 MP: 12/12
  8256 | D:6      | Found Guclijar's Antique Armour Shoppe.
  8295 | D:6      | Found Cosch's Assorted Antiques.
  8303 | D:6      | Bought a twisted iron ring for 95 gold pieces
  8416 | D:6      | Reached skill level 1 in Armour
  8446 | D:6      | Found Rolius's Jewellery Boutique.
  8987 | D:6      | Found Fipuu's General Store.
  8994 | D:6      | Bought a scroll of blinking for 82 gold pieces
  9020 | D:7      | Found an iron altar of Okawaru.
  9040 | D:7      | Reached skill level 5 in Necromancy
  9043 | D:7      | Reached skill level 7 in Fighting
  9076 | D:6      | HP: 3/67 [poisoned by a killer bee]
  9083 | D:6      | HP: 2/67 [poisoned by a killer bee]
  9090 | D:6      | HP: 1/67 [poisoned by a killer bee]
  9098 | D:6      | HP: 1/67 [poisoned by a killer bee]
  9464 | D:7      | Found a runed translucent gate.
  9465 | D:7      | Found a runed translucent gate.
  9465 | D:7      | Found a runed translucent gate.
  9465 | D:7      | Noticed LufLufFighter's ghost (novice DsTm)
  9465 | D:7      | Noticed pablito's ghost (novice NaVM)
  9465 | D:7      | Noticed pablito's ghost (novice FoFi)
  9574 | D:7      | Gained mutation: You have an extremely huge brain. (Int +4)
                  | [demonic ancestry]
  9574 | D:7      | Reached XP level 9. HP: 50/72 MP: 13/13
  9727 | D:7      | Reached ** piety under Kikubaaqudgha
 10035 | D:7      | Learned a level 3 spell: Vampiric Draining
 10038 | D:7      | Learned a level 2 spell: Corpse Rot
 11313 | D:8      | Noticed a two-headed ogre
 11366 | D:8      | Learned a level 1 spell: Pain
 11459 | D:8      | Reached skill level 8 in Fighting
 11507 | D:8      | Noticed Maggie
 11645 | D:8      | Noticed Maggie
 11645 | D:8      | Maggie changed into Maggie the acid dragon
 11659 | D:8      | Killed Maggie the acid dragon
 12039 | D:8      | Reached skill level 1 in Short Blades
 12099 | D:8      | Killed a two-headed ogre
 12100 | D:8      | Reached skill level 5 in Armour
 12401 | D:8      | Noticed Pikel
 12412 | D:8      | Noticed Pikel
 12412 | D:8      | Pikel changed into Pikel the wyvern
 12420 | D:8      | Killed Pikel the wyvern
 12623 | D:8      | Gained mutation: You are immune to rotting. [demonic
                  | ancestry]
 12623 | D:8      | Reached XP level 10. HP: 44/82 MP: 6/14
 12850 | D:8      | Found an opulent altar of Gozag.
 12850 | D:8      | Found a sacrificial altar of Ru.
 13157 | D:9      | Found a staircase to the Orcish Mines.
 13224 | D:9      | Reached skill level 1 in Polearms
 13228 | D:9      | Reached *** piety under Kikubaaqudgha
 13228 | D:9      | Identified Kikubaaqudgha's Incunabulum of Stolen Souls
                  | (Kikubaaqudgha gifted it to you on level 9 of the Dungeon)
 13228 | D:9      | Received a gift from Kikubaaqudgha
 13262 | D:9      | Learned a level 4 spell: Dispel Undead
 13485 | D:9      | Killed from afar by an orc priest

Illustrated notes

Levels and vault maps discovered:
D:1:      lordsloth_arrival_two_stooges, layout_basic, serial_curves,
          eino_curves_01, eino_curves_04, eino_curves_01
D:2:      layout_basic, grunt_qazlal_clouds
D:3:      layout_loops_corners, serial_co_window_serial, co_window_corner_a,
          co_window_paths_a, co_window_paths_b, co_window_cross_1,
          co_window_corner_a, co_window_broadway_a, co_window_corner_b,
          co_window_cross_3, co_window_broadway_b, co_window_paths_c,
          co_window_paths_c, co_window_corner_b, glass_columns_b, uniq_ijyb
D:4:      layout_basic, grunt_temple_overflow_growth_and_decay,
          minmay_temple_entry_tees, grunt_decor_one_mirror, minmay_circle_x,
          uniq_crazy_yiuf_cottage
D:5:      layout_basic, uniq_blork_the_orc
D:6:      layout_gridville, serial_shops, shop, shop, nicolae_shop_waterfront,
          shop, nicolae_shop_waterfront
D:7:      layout_loops_ring, gammafunk_ghost_cemetery, basic_altar
D:8:      layout_gridville, gammafunk_temple_overflow_elements, uniq_pikel,
          uniq_maggie
D:9:      layout_loops_cross, general_overflow_altar, david_orc_2,
          roderic_roman_lattice
Temple:   nicolae_temple_elliptical

Skill      XL: |  1  2  3  4  5  6  7  8  9 10 |
---------------+-------------------------------+-----
Translocations | 1 2 3 |  3.2
Fighting       | 1 2 3 4 6 7 8 |  8.5
Axes           | 1 2 3 4 |  4.0
Necromancy     | 3 5 7 |  7.9
Armour         | 3 5 |  5.6
Short Blades   | 2 |  2.5
Polearms       | 1 |  1.4
Dodging        | |  1.7
Stealth        | |  1.7
Spellcasting   | |  3.7
Conjurations   | |  1.0
Summonings     | |  1.0

Action                   |  1- 3 |  4- 6 |  7- 9 | 10-12 || total
-------------------------+-------+-------+-------+-------++-------
Melee: Hand axe          |    77 |    65 |   343 |       ||   485
       Kick              |     7 |    13 |    91 |    17 ||   128
       Dagger            |       |    29 |   125 |       ||   154
       Trident           |       |       |     4 |   105 ||   109
 Cast: Magic Dart        |    13 |     4 |     4 |       ||    21
       Call Imp          |     5 |    27 |    53 |       ||    85
       Pain              |       |       |    17 |     3 ||    20
       Vampiric Draining |       |       |     3 |     8 ||    11
       Corpse Rot        |       |       |     3 |       ||     3
       Blink             |       |       |     2 |       ||     2
Invok: Receive Corpses   |       |       |     4 |       ||     4
Evoke: Wand              |       |    10 |     6 |       ||    16
  Use: Potion            |     3 |     3 |     5 |     1 ||    12
       Scroll            |     1 |     3 |     4 |     4 ||    12
 Stab: Sleeping          |     4 |     2 |       |       ||     6
Armor: Robe              |    10 |    16 |     8 |       ||    34
       Ring mail         |       |       |   318 |    58 ||   376
Dodge: Dodged            |    60 |    82 |   302 |    70 ||   514

Table legend: (Time is in decaauts)
 A = Elapsed time spent in this place.
 B = Non-inter-level travel time spent in this place.
 C = Inter-level travel time spent in this place.
 D = Time resting spent in this place.
 E = Time spent auto-exploring this place.
 F = Levels seen in this place.
 G = Mean time per level.
                   A        B        C        D        E       F      G
               +--------+--------+--------+--------+--------+-----+--------+
         Total |  13565 |  13201 |    364 |   3113 |   7906 |  10 | 1356.5 |
       Dungeon |  13318 |  12954 |    364 |   3026 |   7787 |   9 | 1479.8 |
        Temple |    247 |    247 |      0 |     87 |    119 |   1 |  247.0 |
               +--------+--------+--------+--------+--------+-----+--------+

Top non-repeatable levels by time:
     D:3: 2222 daAuts
     D:8: 1811 daAuts
     D:5: 1641 daAuts
     D:6: 1616 daAuts
     D:4: 1595 daAuts
     D:7: 1592 daAuts
     D:1: 1311 daAuts
     D:2: 1083 daAuts
     D:9: 444 daAuts
  Temple: 247 daAuts
